 Dungeon Crawl Stone Soup version 0.28-a0-1356-g2ad6d04315 (webtiles) character file.

Game seed: 4235903245376715867

66 mordus the Shield-Bearer (level 4, -3/41 HPs)
             Began as a Gnoll Fighter on Dec 30, 2021.
             Killed from afar by Ijyb (9 damage)
             ... with a puff of flame
             ... on level 3 of the Dungeon.
             The game lasted 00:02:30 (1689 turns).

mordus the Shield-Bearer (Gnoll Fighter)            Turns: 1689, Time: 00:02:31

Health: -3/41      AC: 10    Str: 17    XL:     4   Next: 15%
Magic:  5/5        EV:  7    Int:  8    God:
Gold:   56         SH:  5    Dex: 11    Spells: 5/5 levels left

rFire   . . .      SeeInvis .   a - +0 long sword
rCold   . . .      Faith    .   c - +0 buckler
rNeg    . . .      Spirit   .   j - +0 chain mail
rPois   .          Reflect  .   (no helmet)
rElec   .          Harm     .   (no cloak)
rCorr   .          Rampage  .   (no gloves)
Will    .....                   (no boots)
Stlth   ..........              (no amulet)
HPRegen 0.13/turn               g - ring of flight
MPRegen 0.09/turn               (no ring)

@: flying
A: fangs 1, strong nose, distributed training
a: no special abilities


You were on level 3 of the Dungeon.
You visited 1 branch of the dungeon, and saw 3 of its levels.

You collected 56 gold pieces.

Inventory:

Hand Weapons
 a - a +0 long sword (weapon)
Armour
 b - a +0 scale mail
 c - a +0 buckler (worn)
 j - a +0 chain mail (worn)
Jewellery
 g - a ring of flight (left hand)
Scrolls
 e - a scroll of vulnerability {unknown}
 f - 3 scrolls of identify {unknown}
 h - a scroll of fear {unknown}
 i - a scroll of magic mapping {unknown}
 l - a scroll of immolation {unknown}
Potions
 d - a potion of might
 k - a potion of degeneration {unknown}


   Skills:
 + Level 6.6 Fighting
 + Level 1.0 Short Blades
 + Level 4.6 Long Blades
 + Level 1.0 Axes
 + Level 1.0 Maces & Flails
 + Level 1.0 Polearms
 + Level 1.0 Staves
 + Level 1.0 Slings
 + Level 1.0 Bows
 + Level 1.0 Crossbows
 + Level 1.0 Throwing
 + Level 6.6 Armour
 + Level 1.0 Dodging
 + Level 1.0 Stealth
 + Level 6.6 Shields
 + Level 1.0 Unarmed Combat
 + Level 1.0 Spellcasting
 + Level 0.8 Conjurations
 + Level 0.8 Hexes
 + Level 0.8 Summonings
 + Level 0.8 Necromancy
 + Level 0.8 Translocations
 + Level 0.8 Transmutations
 + Level 0.8 Fire Magic
 + Level 0.8 Ice Magic
 + Level 0.8 Air Magic
 + Level 0.8 Earth Magic
 + Level 0.8 Poison Magic
 + Level 1.1 Invocations
 + Level 1.0 Evocations


You had 5 spell levels left.
You didn't know any spells.
Your spell library contained the following spells:

 Spells                   Type           Power      Damage    Failure   Level
 Animate Skeleton         Necr           2%         N/A       97%         1
 Apportation              Tloc           2%         N/A       97%         1
 Summon Small Mammal      Summ           4%         N/A       97%         1


Dungeon Overview and Level Annotations

Branches:
Dungeon (3/15)

Altars:
Elyvilon

Shops:
D:1 ?

Annotations:
D:3 Ijyb


Innate Abilities, Weirdness & Mutations

You have very sharp teeth.
Your uncanny sense of smell can sniff out nearby items.
Your experience applies equally to all skills.


Message History

You feel sick. The adder bites you but does no damage.
You miss the adder.
The adder is severely wounded.
You feel sick.
You are no longer poisoned.
The adder closely misses you. The adder barely misses you.
You barely miss the adder.
The adder is severely wounded.
The adder barely misses you. Ijyb screams, "Me kill you!"
You closely miss the adder.
The adder is severely wounded.
You block the adder's attack. The adder bites you but does no damage.
You closely miss the adder.
The adder is severely wounded.
The adder bites you but does no damage.
You slash the adder!
You kill the adder!
Ijyb hits you but does no damage.
You closely miss Ijyb.
Ijyb is moderately wounded.
Ijyb screams, "No!
No, no, no, no!"
Ijyb barely misses you.
You closely miss Ijyb. You bite Ijyb.
Ijyb is moderately wounded.
You block Ijyb's attack.
You hit Ijyb but do no damage.
Ijyb is moderately wounded.
You block Ijyb's attack.
You barely miss Ijyb.
Ijyb is moderately wounded.
Ijyb hits you but does no damage.
You closely miss Ijyb.
Ijyb is moderately wounded.
You block Ijyb's attack. Ijyb hits you with a +0 club.
* * * LOW HITPOINT WARNING * * *
You hear the slow rusting of a very distant drain.
Ijyb screams, "Me kill you!"
Ijyb zaps a wand.
The puff of flame hits you!
You die...

#.# .# #.# #.# #.# #.#
≈... #####. #.# #.# ≈._.
[.....# #.# #.# .≈...
....... #.# #.# ..≈≈≈
....... #.#######.#.≈≈≈≈≈
.......###.g..@)...#......
........##.#######..#
##..w.)##.# #.##
#......##w# #.#
#......g#.# #.#
#.....#.#.# #.#
#.....#...# #.#
...........# #.#
#####......# #.#


You could see Ijyb.

Vanquished Creatures
  2 adders
  A worm (D:2)
  A dart slug (D:2)
  4 ball pythons
  4 endoplasms
  3 giant cockroaches
  4 goblins
  2 hobgoblins
  3 jackals (D:1)
  A quokka (D:2)
  4 bats
  3 frilled lizards
  6 kobolds
  3 rats (D:1)
41 creatures vanquished.

Notes
Turn   | Place    | Note
-------+----------+-------------------------------------------
     0 | D:1      | mordus the Gnoll Fighter began the quest for the Orb.
     0 | D:1      | Reached XP level 1. HP: 23/23 MP: 1/1
   235 | D:1      | Reached XP level 2. HP: 29/29 MP: 2/2
   505 | D:1      | Found Uloh's Magic Scroll Shop.
   872 | D:2      | Found a faded altar of an unknown god.
   927 | D:2      | Reached XP level 3. HP: 17/35 MP: 3/3
  1138 | D:2      | Found a white marble altar of Elyvilon.
  1242 | D:2      | Reached skill level 1 in Invocations
  1329 | D:2      | Reached skill level 1 in Short Blades
  1329 | D:2      | Reached skill level 1 in Axes
  1329 | D:2      | Reached skill level 1 in Maces & Flails
  1329 | D:2      | Reached skill level 1 in Polearms
  1329 | D:2      | Reached skill level 1 in Staves
  1329 | D:2      | Reached skill level 1 in Slings
  1329 | D:2      | Reached skill level 1 in Bows
  1329 | D:2      | Reached skill level 1 in Crossbows
  1329 | D:2      | Reached skill level 1 in Throwing
  1329 | D:2      | Reached skill level 1 in Dodging
  1329 | D:2      | Reached skill level 1 in Stealth
  1329 | D:2      | Reached skill level 1 in Unarmed Combat
  1329 | D:2      | Reached skill level 1 in Spellcasting
  1329 | D:2      | Reached skill level 1 in Evocations
  1625 | D:3      | Found a white marble altar of Elyvilon.
  1649 | D:3      | Noticed Ijyb
  1655 | D:3      | Reached XP level 4. HP: 41/41 MP: 5/5
  1689 | D:3      | Killed from afar by Ijyb

Illustrated notes

Levels and vault maps discovered:
D:1:      dpeg_chamrin_arrival_tetris, layout_loops_cross, serial_shops,
          nicolae_shop_competitors_out_of_business, minmay_pentomino_p4
D:2:      layout_rooms, basic_altar, chequers_ecumenical_altar_island,
          hangedman_decor_clover_reticule, solitary_fountain
D:3:      layout_basic, nicolae_overflow_ecumenical_swirl,
          mainiacjoe_overflow_paths, lightli_sewer_entry_pipes,
          kennysheep_nondescript, uniq_ijyb

Skill      XL: |  1  2  3 |
---------------+----------+-----
Invocations    | 1 |  1.1
Short Blades   | 1 |  1.0
Axes           | 1 |  1.0
Maces & Flails | 1 |  1.0
Polearms       | 1 |  1.0
Staves         | 1 |  1.0
Slings         | 1 |  1.0
Bows           | 1 |  1.0
Crossbows      | 1 |  1.0
Throwing       | 1 |  1.0
Dodging        | 1 |  1.0
Stealth        | 1 |  1.0
Unarmed Combat | 1 |  1.0
Spellcasting   | 1 |  1.0
Evocations     | 1 |  1.0
Fighting       | |  6.6
Long Blades    | |  4.6
Armour         | |  6.6
Shields        | |  6.6
Conjurations   | |  0.8
Hexes          | |  0.8
Summonings     | |  0.8
Necromancy     | |  0.8
Translocations | |  0.8
Transmutations | |  0.8
Fire Magic     | |  0.8
Ice Magic      | |  0.8
Air Magic      | |  0.8
Earth Magic    | |  0.8
Poison Magic   | |  0.8

Action                   |  1- 3 |  4- 6 || total
-------------------------+-------+-------++-------
Melee: Long sword        |    86 |    23 ||   109
       Bite              |     4 |     2 ||     6
Armor: Scale mail        |    22 |       ||    22
       Chain mail        |    23 |    16 ||    39
Dodge: Dodged            |    30 |     9 ||    39
Block: Buckler           |    22 |     5 ||    27

Table legend: (Time is in decaauts)
 A = Elapsed time spent in this place.
 B = Non-inter-level travel time spent in this place.
 C = Inter-level travel time spent in this place.
 D = Time resting spent in this place.
 E = Time spent auto-exploring this place.
 F = Levels seen in this place.
 G = Mean time per level.
                   A        B        C        D        E       F      G
               +--------+--------+--------+--------+--------+-----+--------+
         Total |   1707 |   1683 |     24 |    143 |   1210 |   3 |  569.0 |
       Dungeon |   1707 |   1683 |     24 |    143 |   1210 |   3 |  569.0 |
               +--------+--------+--------+--------+--------+-----+--------+

Top non-repeatable levels by time:
     D:1: 822 daAuts
     D:2: 735 daAuts
     D:3: 150 daAuts
